Map: Deathaura LE

Players

cure

  • Race: Terran Terran
  • Spawn Location: 5:00

Reynor - Winner!

  • Race: Zerg Zerg
  • Spawn Location: 11:00

Event: StayAtHome Story Cup #3

VOD

Have the link to the VOD?

Description

Time

  • Played on: March 12, 2021, 7:27 a.m.
  • Length: 17:40

All games in this series

Show
View Real Time Build Order
Export as new Build Order

cure Terran 

Build Orders:  

Get SALT Encoding   

  12  0:00  SCV  
  13  0:12  SCV  
  14  0:16  Supply Depot  
  14  0:24  SCV  
  15  0:38  SCV  
  15  0:40  Barracks  
  15  0:42  Refinery  
  16  0:50  SCV  
  17  1:02  SCV  
  18  1:14  SCV  
  19  1:27  Orbital Command, Marine  
  20  1:38  Command Center  
  20  1:50  Factory  
  20  1:53  SCV  
  21  2:00  Refinery  
  21  2:01  Barracks Reactor  
  21  2:05  SCV  
  22  2:09  Supply Depot  
  22  2:17  SCV  
  23  2:30  SCV  
  23  2:36  Starport  
  24  2:42  SCV, Hellion x2  
  24  2:43  Marine  
  30  2:51  Orbital Command  
  30  2:55  SCV  
  31  3:03  Widow Mine x2  
  35  3:07  SCV  
  35  3:12  Medivac  
  38  3:16  SCV  
  40  3:20  SCV, Supply Depot  
  40  3:26  Widow Mine x2  
  44  3:32  Armory  
  44  3:35  SCV x2  
  46  3:43  Supply Depot  
  46  3:47  Barracks Tech Lab  
  46  3:49  SCV x2  
  46  3:53  Hellion x2  
  52  4:00  Viking  
  54  4:04  SCV x2  
  54  4:07  Supply Depot  
  56  4:15  Hellion x2  
  56  4:16  SCV x2  
  62  4:19  Supply Depot  
  62  4:26  Marine  
  61  4:32  SCV x2  
  63  4:41  Hellion x2  
  63  4:42  Stimpack  
  67  4:51  SCV x2  
  69  4:53  Marine, Command Center  
  69  4:56  Starport Reactor  
  68  5:03  SCV x2  
  68  5:08  Barracks  
  68  5:09  Barracks  
  68  5:11  Factory Reactor, Marine  
  67  5:15  SCV x2  
  67  5:18  Engineering Bay x2  
  67  5:19  Refinery  
  67  5:28  Refinery, SCV x2, Marine  
  67  5:29  Supply Depot  
  70  5:36  Hellion x2  
  70  5:40  SCV  
  70  5:41  SCV  
  66  5:46  Marine  
  61  5:50  Terran Infantry Armor Level 1, Terran Infantry Weapons Level 1  
  61  5:53  SCV x2  
  63  5:58  Marine x2  
  63  6:00  Missile Turret  
  63  6:01  Factory Reactor  
  63  6:02  Missile Turret  
  65  6:04  Marine  
  65  6:05  Marine x2  
  65  6:06  Medivac x2  
  65  6:08  SCV x2  
  74  6:13  Barracks  
  74  6:14  Missile Turret  
  74  6:17  Marine x2  
  74  6:18  Barracks  
  76  6:21  SCV  
  76  6:22  Marine  
  76  6:23  Marine  
  76  6:24  Marine, Supply Depot  
  80  6:26  Combat Shield  
  80  6:30  Orbital Command  
  80  6:35  SCV x2, Marine  
  81  6:40  Marine x2  
  81  6:41  Marine  
  81  6:42  Marine  
  81  6:45  Medivac x2  
  81  6:46  Widow Mine  
  91  6:53  Widow Mine, Marine  
  94  6:59  SCV x3  
  94  7:00  Armory  
  97  7:02  Barracks Reactor  
  97  7:05  Barracks Reactor  
  97  7:06  Marine x4  
  101  7:11  Marine  
  102  7:15  Terran Vehicle And Ship Armor Level 1  
  102  7:19  Refinery x2  
  102  7:20  Factory, Supply Depot x2  
  102  7:21  SCV x3  
  104  7:33  SCV x3  
  106  7:37  Marine x3  
  106  7:42  Widow Mine x2, Marine x2, Medivac x2  
  119  7:46  Terran Infantry Armor Level 2, Terran Infantry Weapons Level 2  
  119  7:49  SCV x2  
  119  7:50  SCV  
  122  7:53  Supply Depot  
  122  7:57  Supply Depot  
  122  8:01  SCV  
  122  8:02  SCV x2  
  125  8:05  Factory Tech Lab  
  125  8:11  Supply Depot  
  125  8:13  Supply Depot  
  125  8:14  Marine x3  
  125  8:15  Widow Mine x2  
  132  8:21  Concussive Shells  
  132  8:28  Command Center  
  132  8:30  Drilling Claws  
  132  8:31  Supply Depot x2  
  132  8:34  Thor  
  132  8:36  Widow Mine  
  132  8:38  Marauder, Marine x2  
  143  8:53  Barracks  
  143  8:54  Barracks  
  143  8:56  Barracks, Missile Turret  
  143  8:57  SCV x3  
  146  9:05  Marauder, Marine x6  
  150  9:11  Widow Mine x2  
  150  9:15  Terran Vehicle And Ship Armor Level 2  
  154  9:17  Thor  
  154  9:22  Medivac x2, Supply Depot  
  164  9:30  Marine  
  165  9:35  Supply Depot  
  165  9:36  Supply Depot  
  165  9:37  Marine x2  
  165  9:39  Marine  
  165  9:40  Marauder  
  165  9:43  Supply Depot  
  165  9:44  SCV x3  
  170  9:55  Barracks Tech Lab  
  170  9:56  Barracks Tech Lab x2  
  170  9:58  Widow Mine x2  
  170  9:59  SCV x3  
  168  10:00  Widow Mine  
  168  10:01  Marauder  
  168  10:04  Planetary Fortress  
  168  10:05  Missile Turret, Supply Depot  
  168  10:06  Missile Turret  
  170  10:08  Missile Turret  
  170  10:12  Terran Infantry Weapons Level 3  
  170  10:19  Medivac x2  
  170  10:20  Widow Mine x2  
  170  10:21  Widow Mine, Marauder, Marine  
  180  10:28  Sensor Tower  
  183  10:34  Marauder x2, Marine x3  
  183  10:35  Marauder, Sensor Tower  
  190  10:41  Terran Infantry Armor Level 3  
  190  10:50  Widow Mine, Thor  
  190  10:51  Widow Mine  
  200  10:59  Missile Turret  
  200  11:02  Missile Turret  
  200  11:04  Command Center, Missile Turret  
  184  11:26  Marauder x2, Marine x4  
  184  11:27  Widow Mine  
  184  11:28  Widow Mine  
  190  11:33  Thor  
  190  11:38  Marauder x2, Marine x4  
  190  11:44  Medivac  
  190  11:45  Medivac  
  190  11:46  Marine  
  190  11:48  Marauder x2  
  190  11:49  Widow Mine x2  
  190  11:52  Terran Vehicle And Ship Armor Level 3  
  181  11:56  Marine x3  
  181  12:00  Marauder  
  183  12:06  Marauder, Marine x5  
  190  12:09  Marauder, Marine  
  190  12:12  Widow Mine x2  
  190  12:15  Marine x3  
  199  12:21  Marine  
  195  12:32  Marauder, Marine x3  
  199  12:47  Barracks  
  187  12:55  Marine x2  
  187  12:56  Marauder x3, Marine x4  
  194  12:59  Barracks  
  194  13:00  Barracks  
  194  13:02  Widow Mine x2  
  194  13:03  Widow Mine, Planetary Fortress  
  194  13:14  Missile Turret  
  194  13:15  Neosteel Armor  
  194  13:18  Hi-Sec Auto Tracking, Missile Turret  
  194  13:22  Marine x2  
  194  13:23  Marauder x2  
  198  13:29  Marine x2  
  198  13:30  Orbital Command  
  174  13:49  SCV  
  174  13:50  SCV  
  171  14:06  Marauder x4, Marine x6, Thor  
  171  14:07  Widow Mine x2  
  171  14:08  Medivac x2  
  187  14:15  SCV x2  
  187  14:16  SCV x2, Missile Turret  
  182  14:23  Marine x4  
  186  14:27  SCV, Marauder, Missile Turret  
  186  14:28  Marauder  
  186  14:29  Missile Turret  
  181  14:35  Missile Turret  
  181  14:37  Marine x2  
  181  14:38  Marauder x2, Marine x2  
  187  14:41  Barracks Tech Lab x2  
  187  14:43  Widow Mine x2  
  187  14:44  Marine  
  175  14:49  Thor  
  174  14:54  SCV x3  
  176  15:06  SCV  
  177  15:07  Marauder, Marine  
  177  15:09  Marine  
  177  15:12  Supply Depot  
  177  15:13  Supply Depot  
  179  15:15  Marauder  
  179  15:17  Widow Mine x2  
  179  15:20  Marine  
  179  15:21  Marauder  
  188  15:23  Marine  
  188  15:24  Marauder  
  182  15:32  Widow Mine  
  147  15:36  Marine x3  
  147  15:37  Marauder x2, Marine  
  147  15:38  Widow Mine, Orbital Command  
  155  15:45  Marauder, Marine x3  
  155  15:49  Marine x3  
  134  15:50  Marine  
  134  15:54  Marine x3  
  130  16:00  Marauder  
  130  16:14  Marine x2  
  130  16:15  Marauder x2  
  124  16:23  Widow Mine x2  
  124  16:24  Widow Mine  
  115  16:34  SCV x2  
  115  16:35  SCV  
  118  16:44  Marine x3  
  118  16:45  Marauder  
  118  16:46  SCV  
  118  16:47  SCV x2  
  126  16:57  Widow Mine x3  
  126  16:59  SCV x2  
  126  17:01  Marauder, Marine x4  
  138  17:10  Marauder, Marine  
  138  17:11  SCV x2  
  131  17:16  Marauder, Marine  
  131  17:19  Marine  
Show
View Real Time Build Order
Export as new Build Order

Reynor Zerg - Winner!

Build Orders: Hatch First, Muta Ling Bane 

Get SALT Encoding   

  12  0:01  Drone  
  13  0:12  Overlord  
  13  0:17  Drone  
  14  0:30  Drone x2  
  16  0:48  Hatchery  
  15  0:52  Drone  
  15  0:56  Drone  
  17  0:59  Drone  
  18  1:10  Extractor  
  17  1:15  Spawning Pool  
  17  1:18  Drone  
  17  1:21  Drone  
  18  1:28  Drone  
  19  1:38  Drone  
  20  1:49  Overlord  
  20  2:01  Queen x2  
  20  2:02  Zergling x4  
  26  2:11  Drone x2  
  26  2:14  Metabolic Boost  
  28  2:21  Drone  
  28  2:22  Drone  
  30  2:32  Drone  
  30  2:33  Drone  
  32  2:37  Queen  
  32  2:40  Queen  
  36  2:45  Overlord  
  36  2:49  Overlord  
  36  3:04  Drone x4  
  40  3:08  Drone  
  40  3:11  Drone x5  
  46  3:19  Overlord  
  46  3:21  Drone  
  47  3:31  Hatchery  
  46  3:35  Lair  
  46  3:37  Drone  
  46  3:39  Drone  
  48  3:43  Extractor  
  48  3:45  Drone  
  48  3:46  Baneling Nest  
  47  3:49  Drone x2  
  47  3:50  Drone  
  47  3:55  Queen  
  52  3:58  Drone x2  
  52  4:00  Drone  
  55  4:04  Drone x2  
  55  4:06  Extractor  
  55  4:08  Overlord  
  55  4:09  Extractor  
  55  4:11  Zergling x2  
  55  4:13  Zergling x2  
  55  4:15  Zergling x2  
  58  4:18  Zergling x4  
  58  4:22  Overlord  
  59  4:29  Spore Crawler  
  59  4:30  Drone x2  
  56  4:33  Spore Crawler  
  56  4:36  Overseer  
  52  4:39  Drone x2  
  52  4:41  Drone  
  52  4:42  Drone  
  56  4:50  Spire  
  56  4:51  Drone  
  56  4:54  Drone  
  56  4:55  Drone  
  59  5:01  Drone x3  
  59  5:03  Overlord  
  59  5:05  Drone  
  63  5:09  Drone  
  63  5:13  Drone  
  65  5:14  Overlord  
  65  5:20  Overlord  
  65  5:25  Baneling x4  
  65  5:30  Overlord  
  65  5:33  Drone x2  
  65  5:34  Drone x2  
  69  5:36  Zergling x4  
  69  5:41  Zergling x10  
  72  5:45  Drone x3  
  72  5:49  Overlord  
  74  5:50  Drone  
  75  6:01  Mutalisk x3  
  75  6:03  Zerg Flyer Weapons Level 1  
  81  6:04  Mutalisk  
  83  6:11  Mutalisk x2  
  83  6:17  Mutalisk  
  89  6:20  Extractor, Drone  
  89  6:21  Extractor, Overlord  
  89  6:24  Drone  
  89  6:28  Drone x3  
  89  6:31  Overlord  
  92  6:36  Centrifical Hooks  
  92  6:39  Overlord  
  92  6:40  Hatchery  
  92  6:41  Drone  
  92  6:42  Drone x2  
  92  6:46  Mutalisk  
  94  6:49  Drone  
  94  6:50  Overlord  
  97  6:55  Overlord  
  97  6:58  Drone x4  
  101  7:06  Zergling x8  
  105  7:09  Drone x2  
  105  7:10  Drone x2, Evolution Chamber  
  105  7:15  Evolution Chamber  
  107  7:18  Zergling x6  
  107  7:19  Zergling x2  
  107  7:20  Baneling x6  
  107  7:21  Baneling x4  
  111  7:24  Overlord  
  111  7:26  Baneling x3  
  111  7:30  Mutalisk x3  
  111  7:33  Drone x2  
  111  7:36  Baneling x2, Zergling x2  
  111  7:37  Zergling x2  
  121  7:42  Drone, Queen  
  124  7:44  Zerg Ground Armor Level 1  
  124  7:49  Drone x3  
  124  7:50  Zerg Melee Weapons Level 1  
  127  7:53  Mutalisk  
  127  7:54  Overlord  
  127  7:57  Drone x3  
  132  8:00  Baneling  
  132  8:01  Baneling x3  
  132  8:03  Zergling x6  
  132  8:05  Drone  
  136  8:10  Overlord  
  136  8:13  Overseer  
  136  8:14  Pneumatized Carapace  
  136  8:17  Baneling x3  
  136  8:18  Extractor  
  136  8:19  Drone x8  
  143  8:20  Extractor  
  142  8:27  Baneling x4  
  142  8:28  Baneling, Zergling x2  
  142  8:29  Zergling x10  
  142  8:30  Zerg Flyer Weapons Level 2  
  148  8:35  Overlord  
  146  8:44  Mutalisk x2  
  146  8:47  Drone x4  
  152  8:55  Overlord  
  152  8:59  Mutalisk x3  
  152  9:03  Zergling x20  
  152  9:08  Overlord  
  160  9:10  Hatchery, Infestation Pit  
  158  9:17  Mutalisk x3  
  158  9:20  Zergling x6  
  158  9:23  Overlord  
  167  9:34  Queen  
  169  9:43  Overlord  
  169  9:44  Mutalisk x6  
  181  9:47  Zergling x10  
  181  9:50  Baneling x5  
  181  9:52  Zergling x2  
  181  9:53  Zergling x2  
  181  9:57  Zergling x10  
  178  10:01  Zerg Ground Armor Level 2  
  178  10:04  Drone x6  
  178  10:05  Drone  
  178  10:06  Overlord  
  185  10:08  Zerg Melee Weapons Level 2  
  185  10:10  Drone  
  185  10:12  Zergling x4  
  188  10:18  Hive  
  188  10:22  Overlord  
  188  10:25  Zergling x20  
  198  10:32  Drone  
  198  10:33  Drone x2  
  194  10:36  Mutalisk x3  
  194  10:39  Zergling x2  
  194  10:42  Extractor  
  198  10:43  Spore Crawler  
  198  10:44  Spine Crawler  
  198  10:45  Spine Crawler  
  198  10:47  Baneling x17  
  198  10:49  Drone x4  
  199  10:57  Spore Crawler  
  199  10:58  Spore Crawler  
  197  11:04  Baneling x9  
  197  11:05  Baneling x6  
  197  11:06  Overseer  
  197  11:09  Drone x2  
  197  11:10  Hatchery, Extractor  
  186  11:29  Zergling x30  
  188  11:43  Mutalisk x7  
  188  11:45  Zergling x2  
  195  11:57  Zergling x14  
  195  12:00  Baneling x14  
  200  12:05  Ultralisk Cavern  
  200  12:06  Baneling x8  
  199  12:11  Drone  
  199  12:14  Adrenal Glands  
  199  12:15  Spine Crawler  
  199  12:16  Spine Crawler x2  
  195  12:23  Baneling x2  
  195  12:24  Baneling x8  
  195  12:25  Zergling x10  
  193  12:33  Zergling x18  
  199  12:37  Zerg Ground Armor Level 3  
  180  12:54  Zerg Melee Weapons Level 3, Chitinous Plating  
  180  12:55  Zergling x28  
  180  12:56  Zergling x10  
  180  12:58  Baneling x12  
  199  13:04  Zergling x2  
  200  13:15  Zerg Flyer Weapons Level 3  
  200  13:17  Hatchery  
  196  13:30  Zergling x6  
  196  13:31  Zergling x2  
  163  13:49  Zergling x18, Ultralisk x5  
  198  13:58  Baneling x11  
  196  14:06  Zergling x18  
  200  14:16  Hatchery  
  197  14:19  Baneling x13  
  197  14:20  Baneling x7  
  197  14:24  Anabolic Synthesis  
  197  14:25  Zergling x6  
  179  14:45  Zergling x2  
  179  14:46  Zergling x42  
  182  14:56  Mutalisk x4  
  182  14:57  Mutalisk x5  
  195  15:01  Zergling x6  
  195  15:02  Zergling x4  
  188  15:09  Baneling x12  
  188  15:11  Zergling x16  
  196  15:15  Queen  
  196  15:17  Unknown, Zergling x2  
  196  15:19  Baneling x10  
  196  15:20  Overseer  
  198  15:27  Zergling x18  
  184  15:36  Zergling x20, Ultralisk  
  184  15:38  Zergling x2  
  193  15:43  Zergling x8  
  193  15:44  Zergling x2  
  193  15:47  Ultralisk  
  193  15:48  Zergling x2  
  193  15:49  Zergling x2  
  157  15:51  Zergling x2, Ultralisk  
  157  15:53  Zergling x6  
  157  15:54  Zergling x2  
  157  15:55  Zergling x2  
  157  15:57  Baneling x7  
  152  15:59  Zergling x2  
  152  16:03  Ultralisk  
  151  16:08  Zergling x4  
  151  16:09  Zergling x4  
  152  16:14  Zergling x8  
  147  16:20  Ultralisk  
  147  16:25  Zergling x10  
  143  16:26  Zergling x2  
  143  16:29  Ultralisk  
  149  16:34  Baneling x9  
  149  16:40  Zergling x4, Ultralisk  
  149  16:45  Baneling x4, Zergling x4  
  149  16:46  Zergling x2  
  159  16:49  Baneling x6  
  159  16:53  Baneling x2  
  159  16:54  Baneling x7  
  159  16:55  Zergling x2  
  159  16:57  Overseer  
  159  16:59  Zergling x8  
  164  17:07  Zergling x2  
  164  17:08  Zergling x14  
  167  17:15  Zergling x16  
  168  17:19  Baneling x4  
  168  17:21  Baneling x6  
Tags
 
Add a new tag
Caveats
  • Supply blocks, unpowered buildings, or Contaminate may cause inaccurate times.
  • Supply counts are checked every 10 seconds.